Map: Terrasses de Prion

Players

zidar

  • Race: Zerg Zerg
  • Spawn Location: 11:00

Iegendary - Winner!

  • Race: Zerg Zerg
  • Spawn Location: 5:00

VOD

Have the link to the VOD?

Description

Time

  • Played on: Nov. 13, 2015, 10:09 a.m.
  • Length: 3:13
Show
View Real Time Build Order
Export as new Build Order

zidar Zerg 

Build Orders: Hatch First 

Get SALT Encoding   

  12  0:01  Drone  
  13  0:14  Overlord  
  13  0:17  Drone  
  14  0:38  Drone  
  14  0:39  Drone  
  16  0:50  Hatchery  
  16  0:54  Drone  
  16  1:12  Spawning Pool  
  16  1:16  Drone  
  16  1:17  Extractor  
  15  1:19  Drone  
  15  1:23  Drone  
  16  2:01  Baneling Nest  
  15  2:02  Drone  
  15  2:05  Queen  
  18  2:13  Extractor  
  18  2:14  Drone x5  
  15  2:39  Zergling x4  
Show
View Real Time Build Order
Export as new Build Order

Iegendary Zerg - Winner!

Build Orders: Pool Only 

Get SALT Encoding   

  12  0:02  Drone  
  13  0:08  Drone  
  14  0:17  Overlord  
  14  0:33  Spawning Pool  
  13  0:37  Drone  
  13  0:40  Drone  
  15  0:45  Drone  
  16  1:20  Zergling x6  
  19  1:41  Zergling x2  
  19  1:43  Zergling x2  
  21  1:54  Zergling x2  
  18  2:42  Zergling x6  
Tags
 
Add a new tag
Caveats
  • Supply blocks, unpowered buildings, or Contaminate may cause inaccurate times.
  • Supply counts are checked every 10 seconds.